AoeStats
← Crazy_Owl

Arena

509613937Analyzed
1v1 RM · 6d ago on Sep 27, 2026· 49m 22s· 2 players
Game mode
Random Map
Map size
Tiny (2 player)
Population
200
Speed
Normal
Resources
Standard
Victory
Conquest
Starting age
Dark Age
Ending age
Imperial Age
RankedLock teamsTeams togetherTeam positionsShared explorationLock speedFull tech treeHidden civsTurbo modeCheats
Victory
Defeat
🇳🇱 Goths · Netherlands
902
+15
🇩🇪 Saxons · Germany
879
-15
war of attrition
8:51 Loom
11:05 Feudal Age
12:07 Town Watch
16:38 Castle Age
15:14 Double-Bit Axe
15:39 Horse Collar
25:44 Fletching
31:06 Scale Mail Armor
31:16 Forging
32:03 Squires
31:49 Arson
36:28 Imperial Age
35:20 Town Patrol
36:44 Bow Saw
39:00 Fortified Wall
39:14 Heavy Plow
39:33 Murder Holes
39:24 Arrowslits
41:53 Chain Mail Armor
42:36 Gambesons
43:56 Wheelbarrow
45:29 Plate Mail Armor
45:34 Iron Casting
44:55 Bodkin Arrow
Crazy_Owl
11:19 Feudal Age
11:42 Loom
12:37 Wheelbarrow
16:08 Castle Age
14:00 Double-Bit Axe
13:58 Horse Collar
14:18 Man-at-Arms
14:43 Man-at-Arms
16:18 Fletching
17:31 Bow Saw
21:10 Bodkin Arrow
24:02 Scale Mail Armor
25:14 Forging
26:15 Heavy Plow
27:12 Chain Mail Armor
29:20 Iron Casting
30:32 Squires
35:56 Imperial Age
34:31 Gold Mining
34:49 Anarchy
35:08 Pikeman
36:04 Murder Holes
40:59 Blast Furnace
39:52 Elite Huskarl
43:57 Two-Man Saw
43:31 Crop Rotation
47:12 Long Swordsman
48:37 Conscription
48:20 Two-Handed Swordsman
Connection lost

Rejoining the realm…

Still unreachable

The connection could not be restored.

Session expired

The server has moved on; the page needs a fresh start.